 Dungeon Crawl Stone Soup version 0.15-a0-1909-gd9acbb9 (webtiles) character file.

56 HugeCock69 the Sneak (level 4, 7/30 HPs)
             Began as a Human Enchanter on July 6, 2014.
             Quit the game on Level 2 of the Dungeon.
             The game lasted 00:06:46 (1419 turns).

HugeCock69 the Sneak (Human Enchanter)              Turns: 1419, Time: 00:06:46

HP   7/30        AC  3     Str  9      XL: 4   Next: 15%
MP   3/7         EV 12     Int 15      God:
Gold 80          SH  0     Dex 14      Spells:  3 memorised,  2 levels left

rFire  + . .     SeeInvis .     a - +1 dagger
rCold  + . .     Clarity  .     i - +1 robe
rNeg   . . .     rCorr    .     (no shield)
rPois  +         rRot     .     (no helmet)
rElec  +         Spirit   .     (no cloak)
SustAb .         Warding  .     (no gloves)
rMut   .         Stasis   .     (no boots)
Gourm  .                        (no amulet)
MR     .....                    (no ring)
                                (no ring)

@: lethally poisoned, resistant, not resistant to hostile enchantments,
unstealthy
A: no striking features
a: no special abilities


You were on level 2 of the Dungeon.
You were not hungry.

You visited 1 branch of the dungeon, and saw 2 of its levels.

You collected 80 gold pieces.

Inventory:

Hand weapons
 a - a +1 dagger (weapon)
 b - a +0 short sword
Missiles
 g - 5 tomahawks (quivered)
 j - 7 needles of frenzy
 l - 15 stones
Armour
 i - a +1 robe (worn)
Comestibles
 d - a bread ration
 f - a chunk of goblin flesh
 m - a royal jelly
Scrolls
 e - a scroll of identify
Potions
 k - a potion of confusion
Books
 c - a book of Maledictions

   Spells                             Type                      Level
   *Corona                            Hexes                        1
   *Sure Blade                        Hexes/Charms                 2
   *Ensorcelled Hibernation           Hexes/Ice                    2
   Confuse                            Hexes                        3
   Dazzling Spray                     Conjuration/Hexes            3
   Enslavement                        Hexes                        4


   Skills:
 + Level 3.2 Short Blades
 - Level 2.0 Dodging
 + Level 3.5 Stealth
 - Level 2.0 Spellcasting
 - Level 3.0 Hexes


You had 2 spell levels left.
You knew the following spells:

 Your Spells              Type           Power        Failure   Level  Hunger
a - Corona                Hex            ##.....      8%          1    #......
b - Sure Blade            Hex/Chrm       #.........   17%         2    ###....
c - Ensorcelled Hibernat  Hex/Ice        #.....       17%         2    ###....


Dungeon Overview and Level Annotations

Branches:
Dungeon (2/15)

Altars:

Annotations:
D:1 exclusion: downstairs


Message History

The adder is heavily wounded.
You feel sick. The adder misses you.
You hit the adder.
The adder is severely wounded.
The adder bites you.
You are more poisoned.
The adder poisons you!
You completely miss the adder.
The adder is severely wounded.
You feel sick.
The adder stops glowing.
The adder bites you.
You barely miss the adder.
The adder is severely wounded.
You feel sick. The adder closely misses you.
Drink which item? (? for menu, Esc to quit)
You feel protected. The adder bites you.
* * * LOW HITPOINT WARNING * * *
The adder closely misses you.
Unknown command.
Are you sure you want to abandon this character and quit the game? (Confirm with "yes".)

*,,,,,,,****,,,.,* ***,*,,,
*******,**#####.#*********,,,,,
**,,.......,,,,,,,,,,,,,,,
*,,........**,,,,,,,,,,,,,
*,.........,*,***********,
*,........###,* *,
*,..........#,* *,
*........S..#,* *******,
********#@#**,*****,,,,,,, #.#
*,,,,,,,,,,,,, ########.#
*******,,,,,,, #.....)..#
*,,,,,,, ###.##.########
*,,,,,,,
###########...........#
*,,,,,,,
#.........#......####.#
*,,,,,,,
#.........+.........#,*
*,,,,,,,
#.........#..#.#....#,*
*,,,,,,,


You could see an adder.

Vanquished Creatures
  2 adders (D:2)
  2 worms (D:2)
  2 giant geckos (D:1)
  2 giant cockroaches
  7 hobgoblins
  2 bats (D:1)
  3 goblins
  A kobold (D:1)
  4 rats
25 creatures vanquished.

Notes
Turn   | Place    | Note
--------------------------------------------------------------
     0 | D:1      | HugeCock69, the Human Enchanter, began the quest for the Orb.
     0 | D:1      | Reached XP level 1. HP: 13/13 MP: 3/3
   255 | D:1      | Reached XP level 2. HP: 19/19 MP: 4/4
   259 | D:1      | Learned a level 2 spell: Sure Blade
   264 | D:1      | Learned a level 2 spell: Ensorcelled Hibernation
   785 | D:2      | Reached XP level 3. HP: 24/24 MP: 6/6
  1057 | D:2      | Reached XP level 4. HP: 13/30 MP: 5/7
  1419 | D:2      | Quit the game

Action                   |  1- 3 |  4- 6 || total
-------------------------+-------+-------++-------
Melee: Dagger            |    59 |    11 ||    70
Throw: Tomahawk          |    25 |       ||    25
       Stone             |     9 |       ||     9
 Cast: Corona            |    14 |     1 ||    15
       Ensorcelled Hiber |       |     2 ||     2
  Use: Scroll            |     4 |       ||     4
       Potion            |       |     1 ||     1
 Stab: Sleeping          |     2 |     1 ||     3
  Eat: Chunk             |     1 |     1 ||     2
